 Dungeon Crawl Stone Soup version 0.25.1-2-g60ff931df9 (webtiles) character file.

Game seed: 6617657255604107007

133 gruber the Carver (level 5, -3/40 HPs)
             Began as a Gnoll Wanderer on Oct 12, 2020.
             Slain by a bullfrog (7 damage)
             ... in a sewer.
             The game lasted 00:03:46 (2485 turns).

gruber the Carver (Gnoll Wanderer)                  Turns: 2485, Time: 00:03:47

Health: -3/40      AC:  4    Str: 17    XL:     5   Next: 16%
Magic:  7/7        EV: 11    Int: 16    God:
Gold:   48         SH:  0    Dex: 11    Spells: 6/6 levels left

rFire    . . .     SeeInvis .   a - +2 falchion
rCold    . . .     Gourm    .   (no shield)
rNeg     . . .     Faith    .   m - +0 leather armour
rPois    .         Spirit   .   (no helmet)
rElec    .         Reflect  .   g - +0 cloak
rCorr    .         Harm     .   (no gloves)
MR       .....                  (no boots)
Stlth    +.........             (no amulet)
HPRegen  0.13/turn              e - ring of attention (curse)
MPRegen  0.10/turn              (no ring)

@: no status effects
A: distributed training, fangs 1, strong nose
a: no special abilities


You were in a sewer.
You were not hungry.

You visited 1 branch of the dungeon, and saw 3 of its levels.
You also visited: Sewer.

You collected 48 gold pieces.

Inventory:

Hand Weapons
 a - a +2 falchion (weapon)
Missiles
 d - 14 poisoned darts (quivered)
Armour
 g - a +0 cloak (worn)
 m - a +0 leather armour (worn)
Jewellery
 e - a cursed ring of attention (left hand)
Scrolls
 i - 2 scrolls of enchant weapon {unknown}
 j - a scroll of blinking {unknown}
 l - 2 scrolls of fog {unknown}
 p - a scroll of magic mapping {unknown}
Potions
 b - 5 potions of curing
 c - 3 potions of lignification
 h - 2 potions of degeneration {unknown}
 k - a potion of mutation {unknown}
 n - a potion of haste {unknown}
 o - a potion of heal wounds {unknown}
Comestibles
 f - 3 rations
 q - 3 chunks of flesh


   Skills:
 + Level 2.9 Fighting
 + Level 1.3 Short Blades
 + Level 8.6 Long Blades
 + Level 1.3 Axes
 + Level 1.3 Maces & Flails
 + Level 1.3 Polearms
 + Level 1.3 Staves
 + Level 1.3 Slings
 + Level 1.3 Bows
 + Level 2.9 Crossbows
 + Level 1.3 Throwing
 + Level 4.7 Armour
 + Level 1.3 Dodging
 + Level 4.3 Stealth
 + Level 1.3 Shields
 + Level 1.3 Unarmed Combat
 + Level 1.3 Spellcasting
 + Level 1.1 Conjurations
 + Level 1.1 Hexes
 + Level 1.1 Charms
 + Level 1.1 Summonings
 + Level 1.1 Necromancy
 + Level 1.1 Translocations
 + Level 1.1 Transmutations
 + Level 1.1 Fire Magic
 + Level 1.1 Ice Magic
 + Level 1.1 Air Magic
 + Level 1.1 Earth Magic
 + Level 1.1 Poison Magic
 + Level 1.5 Invocations
 + Level 1.3 Evocations


You had 6 spell levels left.
You didn't know any spells.
Your spell library was empty.

Dungeon Overview and Level Annotations

Branches:
Dungeon (3/15)              Sewer (1/1)

Altars:
Fedhas
Hepliaklqana
Trog


Innate Abilities, Weirdness & Mutations

Your experience applies equally to all skills.
You have very sharp teeth.
Your uncanny sense of smell can sniff out nearby items.


Message History

There are monsters nearby!
There are monsters nearby!
Unknown command.
The bullfrog gives a loud, deep croak!
The bullfrog hits you. The bullfrog barely misses you.
Some of the chunks of flesh in your inventory have rotted away.
Why would you want to do that? Why would you want to do that?
The bullfrog hits you. x2; The bullfrog barely misses you.
The bullfrog hits you.
The bullfrog hits you but does no damage.
The bullfrog hits you! The bullfrog hits you. The bullfrog hits you.
* * * LOW HITPOINT WARNING * * *
Unknown command.
The bullfrog barely misses you.
You barely miss the bullfrog. The bullfrog hits you.
* * * LOW HITPOINT WARNING * * *
The bullfrog hits you!
You die...

#.≈≈≈≈≈≈≈≈≈≈≈≈≈≈≈≈≈≈≈≈≈≈≈≈≈≈
#.≈≈≈≈≈≈≈≈≈≈≈≈≈≈≈≈≈≈≈≈≈≈≈≈≈≈
#..≈≈≈≈.≈≈≈≈≈...≈≈≈≈≈≈≈≈..÷.
##.≈≈##.†≈≈≈################
#≈≈≈##≈≈≈≈.# # #≈≈≈##≈≈≈≈.#
# #.≈≈##.≈≈≈.# ###### #
#.÷≈##.≈≈≈.###≈≈≈≈≈## #
#.≈≈##.≈≈≈@#≈≈≈≈≈≈≈≈# #
#.≈.##.≈≈FF#≈≈≈≈≈≈≈≈≈ #
##≈###.≈≈≈.≈≈≈≈≈≈≈≈≈≈ # #.#
#.≈≈≈.≈≈≈≈≈≈≈≈≈≈ # #.#
#.≈≈≈.≈≈≈≈≈≈.≈≈≈ # #∩#
#.≈≈≈.≈≈≈≈≈.≈≈≈≈ # #.#
#.≈≈≈≈≈≈≈≈≈?.≈≈≈ # #∩#
#.≈≈≈≈≈≈≈≈=??.≈≈ # #.#
#.≈≈≈≈≈≈≈≈≈!.≈≈≈ #


You could see 2 bullfrogs.

Vanquished Creatures
  A gnoll (D:1)
  4 adders
  4 worms
  2 dart slugs
  4 leopard geckos
  11 giant cockroaches
  4 goblins
  8 hobgoblins
  A quokka (D:2)
  A ball python (Sewer)
  7 bats
  8 frilled lizards
  5 kobolds
  7 rats
67 creatures vanquished.

Notes
Turn   | Place    | Note
-------+----------+-------------------------------------------
     0 | D:1      | gruber the Gnoll Wanderer began the quest for the Orb.
     0 | D:1      | gruber set off with the following items: a +2 falchion, a
                  | potion of curing, a potion of lignification, a +0 robe, a
                  | +0 dagger, a ration
     0 | D:1      | Reached XP level 1. HP: 17/17 MP: 1/1
    92 | D:1      | Reached XP level 2. HP: 23/23 MP: 2/2
   528 | D:1      | Reached XP level 3. HP: 19/28 MP: 3/3
  1012 | D:2      | Reached skill level 1 in Invocations
  1211 | D:2      | Reached skill level 1 in Short Blades
  1211 | D:2      | Reached skill level 1 in Axes
  1211 | D:2      | Reached skill level 1 in Maces & Flails
  1211 | D:2      | Reached skill level 1 in Polearms
  1211 | D:2      | Reached skill level 1 in Staves
  1211 | D:2      | Reached skill level 1 in Slings
  1211 | D:2      | Reached skill level 1 in Bows
  1211 | D:2      | Reached skill level 1 in Throwing
  1211 | D:2      | Reached skill level 1 in Dodging
  1211 | D:2      | Reached skill level 1 in Shields
  1211 | D:2      | Reached skill level 1 in Unarmed Combat
  1211 | D:2      | Reached skill level 1 in Spellcasting
  1211 | D:2      | Reached skill level 1 in Evocations
  1271 | D:2      | Reached XP level 4. HP: 34/34 MP: 5/5
  1824 | D:2      | Found a hazy altar of Hepliaklqana.
  1996 | D:3      | Reached skill level 1 in Conjurations
  1996 | D:3      | Reached skill level 1 in Hexes
  1996 | D:3      | Reached skill level 1 in Charms
  1996 | D:3      | Reached skill level 1 in Summonings
  1996 | D:3      | Reached skill level 1 in Necromancy
  1996 | D:3      | Reached skill level 1 in Translocations
  1996 | D:3      | Reached skill level 1 in Transmutations
  1996 | D:3      | Reached skill level 1 in Fire Magic
  1996 | D:3      | Reached skill level 1 in Ice Magic
  1996 | D:3      | Reached skill level 1 in Air Magic
  1996 | D:3      | Reached skill level 1 in Earth Magic
  1996 | D:3      | Reached skill level 1 in Poison Magic
  2068 | D:3      | Noticed a moth of wrath
  2079 | D:3      | Found a bloodstained altar of Trog.
  2133 | D:3      | Found a blossoming altar of Fedhas.
  2265 | D:3      | Found a glowing drain.
  2269 | Sewer    | Entered a sewer
  2382 | Sewer    | Reached XP level 5. HP: 33/40 MP: 6/6
  2485 | Sewer    | Slain by a bullfrog

Illustrated notes

Levels and vault maps discovered:
D:1:      lightli_arrival_windingriver, layout_basic
D:2:      layout_basic, lemuel_crystal_altar, nrook_mini_vaults,
          hangedman_feature_mirror
D:3:      layout_basic, tgw_trog, vehumet_crystals, fedhas_altar_1,
          gup_sewer_entry_bowl
Sewer:    sewer_frog_island_01

Skill      XL: |  1  2  3  4 |
---------------+-------------+-----
Invocations    | 1 |  1.5
Short Blades   | 1 |  1.3
Axes           | 1 |  1.3
Maces & Flails | 1 |  1.3
Polearms       | 1 |  1.3
Staves         | 1 |  1.3
Slings         | 1 |  1.3
Bows           | 1 |  1.3
Throwing       | 1 |  1.3
Dodging        | 1 |  1.3
Shields        | 1 |  1.3
Unarmed Combat | 1 |  1.3
Spellcasting   | 1 |  1.3
Evocations     | 1 |  1.3
Conjurations   | 1 |  1.1
Hexes          | 1 |  1.1
Charms         | 1 |  1.1
Summonings     | 1 |  1.1
Necromancy     | 1 |  1.1
Translocations | 1 |  1.1
Transmutations | 1 |  1.1
Fire Magic     | 1 |  1.1
Ice Magic      | 1 |  1.1
Air Magic      | 1 |  1.1
Earth Magic    | 1 |  1.1
Poison Magic   | 1 |  1.1
Fighting       | |  2.9
Long Blades    | |  8.6
Crossbows      | |  2.9
Armour         | |  4.7
Stealth        | |  4.3

Action                   |  1- 3 |  4- 6 || total
-------------------------+-------+-------++-------
Melee: Falchion          |    65 |    81 ||   146
       Bite              |     7 |     5 ||    12
 Stab: Sleeping          |     9 |     1 ||    10
  Eat: Chunk             |     1 |     4 ||     5
Armor: Robe              |    11 |       ||    11
       Leather armour    |     5 |    17 ||    22
Dodge: Dodged            |    34 |    30 ||    64
       Rpst.: Falchion   |    11 |     9 ||    20
